 Dungeon Crawl Stone Soup version 0.30-a0-830-gfe289a77b0 (webtiles) character file.

Game seed: 16239969417624781323

476 zenocrate the Changer (level 7, -1/43 HPs)
             Began as an Octopode Transmuter on Feb 28, 2023.
             Slain by a hound (6 damage)
             ... on level 5 of the Dungeon.
             The game lasted 00:05:54 (4291 turns).

zenocrate the Changer (Octopode Transmuter)         Turns: 4291, Time: 00:05:54

Health: -1/43      AC: -11   Str: 10    XL:     7   Next: 10%
Magic:  10/10      EV: 13    Int: 17    God:
Gold:   311        SH:  0    Dex: 12    Spells: 3/10 levels left

rFire   . . .      SeeInvis .      - Unarmed
rCold   . . .      Faith    .    (no shield)
rNeg    . . .      Spirit   .    (helmet restricted)
rPois   .          Reflect  .    (no amulet)
rElec   .          Harm     .    (no ring)
rCorr   .          Rampage  .    (no ring)
Will    .....                    (no ring)
Stlth   ++                       (no ring)
HPRegen 0.27/turn                (no ring)
MPRegen 0.12/turn                (no ring)
                                 (no ring)
                                 (no ring)

@: confused, mighty, ambrosia-drunk, wereblooded (expiring), corroded
A: almost no armour, amphibious, 8 rings, camouflage 1, gelatinous body 1,
(nimble swimmer 1), tentacles
a: no special abilities


You were on level 5 of the Dungeon.
You visited 1 branch of the dungeon, and saw 5 of its levels.

You collected 311 gold pieces.

Inventory:

Missiles
 m - 6 boomerangs
 o - 5 curare-tipped darts
 q - 5 poisoned darts
Jewellery
 f - a ring of ice
Scrolls
 c - a scroll of teleportation {unknown}
 g - a scroll of poison {unknown}
 h - a scroll of blinking {unknown}
 l - 2 scrolls of enchant armour {unknown}
 n - 2 scrolls of enchant weapon
 r - a scroll of fog {unknown}
Potions
 a - a potion of cancellation
 d - a potion of flight
 e - a potion of berserk rage
 i - a potion of might
 j - a potion of mutation
 k - a potion of curing {unknown}
 p - a potion of haste {unknown}
 s - 2 potions of degeneration {unknown}
 t - a potion of magic {unknown}


   Skills:
 - Level 1.0 Fighting
 - Level 2.0 Dodging
 - Level 1.6 Stealth
 - Level 3.0 Unarmed Combat
 - Level 2.0 Spellcasting
 + Level 6.0 Transmutations
 - Level 3.9 Ice Magic


You had 3 spell levels left.
You knew the following spells:

 Your Spells              Type           Power      Damage    Failure   Level
a - Beastly Appendage     Tmut           44%        N/A       1%          1
b - Wereblood             Tmut           22%        N/A       2%          2
c - Ice Form              Ice/Tmut       18%        N/A       26%         4

Your spell library contained the following spells:

 Spells                   Type           Power      Damage    Failure   Level
 Spider Form              Tmut/Pois      11%        N/A       17%         3
 Iskenderun's Battlesphe  Conj           1%         2d6       99%         5
 Iron Shot                Conj/Erth      0%         9d1       100%        6
 Spellforged Servitor     Conj/Summ      0%         N/A       100%        7
 Borgnjor's Revivificati  Necr           0%         N/A       100%        8
 Necromutation            Tmut/Necr      5%         N/A       100%        8
 Death's Door             Necr           0%         N/A       100%        9


Dungeon Overview and Level Annotations

Branches:
Dungeon (5/15)
 Temple: D:4-7

Altars:
Dithmenos
Kikubaaqudgha
Nemelex Xobeh
Okawaru
Wu Jian


Innate Abilities, Weirdness & Mutations

You cannot wear most types of armour.
You are amphibious.
You can wear up to eight rings at the same time.
Your skin changes colour to match your surroundings (Stealth+).
Your rubbery body absorbs attacks. (AC +1, EV +1)
((You are camouflaged when in or above water. (Stealth+)))
You have tentacles for arms and can constrict up to eight enemies at once.


Message History

You constrict the hound. The hound closely misses you.
An orc comes into view. It is wielding a +0 club.
The orc hits you with a +0 whip. The hound bites you.
You tentacle-slap the hound but do no damage.
The hound is lightly wounded.
You howl as the wereblood boils in your veins!
You constrict the hound.
You hear a shout!
The orc completely misses you. The hound bites you.
You tentacle-slap the hound but do no damage.
Your squeeze misses the hound.
The hound is lightly wounded.
You constrict the hound. The hound closely misses you.
The orc hits you with a +0 whip.
* * * LOW HITPOINT WARNING * * *
The hound barely misses you.
You feel very mighty all of a sudden.
You constrict the hound. The orc barely misses you.
The hound barely misses you.
You tentacle-slap the hound but do no damage.
The hound is heavily wounded.
You constrict the hound. The hound bites you.
* * * LOW HITPOINT WARNING * * *
The orc barely misses you. The hound bites you.
* * * LOW HITPOINT WARNING * * *
You are confused.
You feel invigorated.
You constrict the hound.
An orc comes into view. It is wielding a +0 mace.
The orc barely misses you. The hound closely misses you.
You release your grip on the hound.
The orc attacks as you move away! The orc hits you with a +0 whip.
* * * LOW HITPOINT WARNING * * *
Your primal bloodlust is almost over.
The hound pauses to sniff the ground.
The orc barely misses you. The hound bites you.
* * * LOW HITPOINT WARNING * * *
You're too confused to move!
The orc hits you with a +0 whip.
* * * LOW HITPOINT WARNING * * *
The orc barely misses you. The hound bites you.
You die...

##.###... #..≈≈...≈≈..##
#..#..... #..≈.....≈..#
........## ....≈.≈...##
..o......###..≈≈.≈≈..#
#.......#..........##
##....)...#.........#
###..##....##........##
.....#.h...###.......#
......oo@..###<......>###
.......o..###...........#
......#o.## #..........##
...#.##..# ####.####..#
.. #. ..## ### #### . .
.#.# .. .### .


You could see a hound and 4 orcs.

Vanquished Creatures
  A black bear (D:4)
  An ice beast (D:5)
  2 jellies
  Jessica (D:2)
  An iguana (D:4)
  2 orc wizards (D:4)
  4 adders
  A white imp (D:5)
  2 dart slugs
  14 orcs
  5 endoplasms
  A giant cockroach (D:1)
  3 goblins
  6 hobgoblins
  7 kobolds
  7 quokkas
  3 ball pythons
  5 bats
  4 frilled lizards
  8 rats
78 creatures vanquished.

Notes
Turn   | Place    | Note
-------+----------+-------------------------------------------
     0 | D:1      | zenocrate the Octopode Transmuter began the quest for the
                  | Orb.
     0 | D:1      | Reached XP level 1. HP: 13/13 MP: 3/3
   141 | D:1      | Reached skill level 1 in Stealth
   145 | D:1      | Reached XP level 2. HP: 7/17 MP: 3/5
   153 | D:1      | Learned a level 2 spell: Wereblood
   301 | D:1      | Reached skill level 1 in Ice Magic
   645 | D:1      | Reached XP level 3. HP: 23/23 MP: 2/6
  1002 | D:1      | Found a faded altar of an unknown god.
  1508 | D:2      | Noticed Jessica
  1515 | D:2      | Killed Jessica
  1516 | D:2      | Reached skill level 3 in Transmutations
  1516 | D:2      | Reached XP level 4. HP: 28/28 MP: 3/7
  1604 | D:2      | Learned a level 4 spell: Ice Form
  2336 | D:3      | Found an ancient bone altar of Kikubaaqudgha.
  2804 | D:3      | Reached XP level 5. HP: 8/33 MP: 4/8
  2960 | D:3      | Found an ornate altar of the Wu Jian Council.
  2966 | D:3      | Found an iron altar of Okawaru.
  3098 | D:4      | Noticed a black bear
  3130 | D:4      | Killed a black bear
  3131 | D:4      | Reached skill level 4 in Transmutations
  3295 | D:4      | Reached XP level 6. HP: 38/38 MP: 6/9
  3641 | D:4      | Found a shadowy altar of Dithmenos.
  3996 | D:4      | Reached skill level 5 in Transmutations
  4150 | D:5      | Entered Level 5 of the Dungeon
  4152 | D:5      | Found a sparkling altar of Nemelex Xobeh.
  4155 | D:5      | Noticed an ice beast
  4167 | D:5      | Killed an ice beast
  4168 | D:5      | Reached XP level 7. HP: 33/43 MP: 5/10
  4279 | D:5      | Reached skill level 6 in Transmutations
  4291 | D:5      | Slain by a hound

Illustrated notes

Levels and vault maps discovered:
D:1:      psy_arrival_wood_between_worlds, layout_basic,
          hellmonk_ecumenical_altar_leap_of_faith
D:2:      layout_basic, chequers_garden, uniq_jessica
D:3:      layout_rooms, mainiacjoe_overflow_big_doors, kiku_gazebo_pond_becter,
          minmay_misc_feat_nine_boxes
D:4:      layout_basic, mainiacjoe_overflow_surrounded_room,
          nicolae_concentric_dashed_squares_mild, minmay_quantized
D:5:      layout_cave_pools, mainiacjoe_overflow_small_starburst, serial_glass,
          glass_columns_a, glass_columns_b, gammafunk_ghost_icy

Skill      XL: |  1  2  3  4  5  6  7 |
---------------+----------------------+-----
Stealth        | 1 |  1.6
Ice Magic      | 1 2 3 |  3.9
Transmutations | 3 4 5 6 |  6.0
Fighting       | |  1.0
Dodging        | |  2.0
Unarmed Combat | |  3.0
Spellcasting   | |  2.0

Action                     |  1- 3 |  4- 6 |  7- 9 || total
---------------------------+-------+-------+-------++-------
  Melee: Unarmed           |    55 |   118 |    16 ||   189
         Constrict         |    20 |    27 |     3 ||    50
         Tentacles         |     9 |    21 |     3 ||    33
         Kick              |     8 |    22 |     7 ||    37
         Punch             |     1 |     4 |     1 ||     6
   Cast: Beastly Appendage |    17 |    24 |     1 ||    42
         Wereblood         |    12 |    19 |     1 ||    32
         Ice Form          |       |     1 |       ||     1
    Use: Scroll            |     3 |     4 |       ||     7
         Potion            |       |     1 |     2 ||     3
   Stab: Sleeping          |     6 |     7 |       ||    13
 Armour: Skin              |     4 |    23 |       ||    27
  Dodge: Dodged            |    35 |    67 |    20 ||   122

Table legend: (Time is in decaauts)
 A = Elapsed time spent in this place.
 B = Non-inter-level travel time spent in this place.
 C = Inter-level travel time spent in this place.
 D = Time resting spent in this place.
 E = Time spent auto-exploring this place.
 F = Levels seen in this place.
 G = Mean time per level.
                   A        B        C        D        E       F      G
               +--------+--------+--------+--------+--------+-----+--------+
         Total |   4278 |   3959 |    319 |      0 |   3340 |   5 |  855.6 |
       Dungeon |   4278 |   3959 |    319 |      0 |   3340 |   5 |  855.6 |
               +--------+--------+--------+--------+--------+-----+--------+

Top non-repeatable levels by time:
     D:1: 1232 daAuts
     D:4: 1103 daAuts
     D:2: 1099 daAuts
     D:3: 704 daAuts
     D:5: 139 daAuts
